 Dungeon Crawl Stone Soup version 0.30-a0-1066-g63dfefce0d (webtiles) character file.

Game seed: 11525858891444818013

778683 holysushi the Annihilator (level 27, -42/216 HPs)
             Began as a Green Draconian Conjurer on Apr 11, 2023.
             Was an Initiate of Gozag.
             Killed from afar by an orb of fire (98 damage)
             ... with a fireball
             ... on level 5 of the Realm of Zot on Apr 13, 2023.
             The game lasted 04:23:12 (143697 turns).

holysushi the Annihilator (DrCj)                  Turns: 143697, Time: 04:23:12

Health: -42/216    AC: 21    Str: 12    XL:     27
Magic:  44/53      EV: 30    Int: 42    God:    Gozag
Gold:   2000       SH:  0    Dex: 17    Spells: 29/78 levels left

rFire   . . .      SeeInvis +    f - staff of air "Ruiro" {rElec rC++ Will- Int+6}
rCold   + + +      Faith    .    V - crystal ball of Wucad Mu {*channel}
rNeg    + . .      Spirit   .    (body armour unavailable)
rPois   +          Reflect  .    h - +3 crown of Dyrovepreva {rElec Int+2 SInv}
rElec   +          Rampage  .    U - scarf "Odiefew" {repulsion, rC+ Dex+3}
rCorr   .          Archmagi +    S - +2 pair of gloves of Exclusion {Will+ Dex+4}
Will    ++++.      Rage     3%   y - +1 pair of boots {Fly}
Stlth   ++++                     E - macabre finger necklace {Finger+ rN+}
HPRegen 0.56/turn                M - ring of the Sparrow {rElec Will+ EV+5 SInv}
MPRegen 0.33/turn                P - ring of the Mage {Wiz Archmagi}
                                 x - +6 ring of intelligence

@: gold aura, flying, studying 6 skills, repel missiles
A: breathe noxious fumes, AC +13, unfitting armour, stinger 1, poison
resistance, cold-blooded, berserk 1, clumsy 1, strong-willed 1
}: 3/15 runes: decaying, serpentine, silver
a: Breathe Noxious Fumes, Renounce Religion, Potion Petition, Call Merchant,
Bribe Branch


You were on level 5 of the Realm of Zot.
You worshipped Gozag.
Gozag was most pleased with you.
You visited 12 branches of the dungeon, and saw 52 of its levels.
You completed 1 ziggurat, and saw 27 of its levels.
You also visited: Sewer, Ossuary and Volcano.

You collected 37701 gold pieces.
You spent 6241 gold pieces at shops.
You paid 29460 gold pieces to Gozag.

Inventory:

Armour
 h - the +3 crown of Dyrovepreva (worn) {rElec Int+2 SInv}
   (You found it on level 18 of a ziggurat)

   Int:       It affects your intelligence (+2).
   rElec:     It insulates you from electricity.
   SInv:      It lets you see invisible.
 y - a +1 pair of boots of flying (worn)
 A - an orb of mayhem
 S - the +2 pair of gloves of Exclusion (worn) {Will+ Dex+4}
   (You acquired it on level 3 of the Lair of Beasts)

   Dex:       It affects your dexterity (+4).
   Will:      It increases your willpower.
 U - the scarf "Odiefew" (worn) {repulsion, rC+ Dex+3}
   (You found it on level 18 of a ziggurat)

   Dex:       It affects your dexterity (+3).
   rC:        It protects you from cold.
 V - the crystal ball of Wucad Mu (worn) {*channel}
   (You found it on level 18 of a ziggurat)

   *Channel:  It often returns the magic spent to cast spells, but lowers their
   success rate.
   It always returns the magic spent on miscasts.
 Y - the +2 shield of Resistance {rF++ rC++ Will++}
   (You found it on level 13 of a ziggurat)

   rF:        It greatly protects you from fire.
   rC:        It greatly protects you from cold.
   Will:      It greatly increases your willpower.
Magical Staves
 b - the staff of conjuration "Tetaelli" {rF+}
   (You acquired it on level 9 of the Dungeon)

   [staff of conjuration]

   Base accuracy: +5 Base damage: 5 Base attack delay: 1.2 This weapon's minimum
   attack delay (0.6) is reached at skill level 12.
   rF:        It protects you from fire.
   It falls into the 'Staves' category.
   It is a one-handed weapon.
 f - the staff of air "Ruiro" (weapon) {rElec rC++ Will- Int+6}
   (You found it on level 23 of a ziggurat)

   [staff of air]

   Base accuracy: +5 Base damage: 5 Base attack delay: 1.2 This weapon's minimum
   attack delay (0.6) is reached at skill level 12.
   Int:       It affects your intelligence (+6).
   rC:        It greatly protects you from cold.
   rElec:     It insulates you from electricity.
   Will:      It decreases your willpower.
   It falls into the 'Staves' category.
   It is a one-handed weapon.
 g - the staff of death "Doekaf" {rN+ Will+ Int+4}
   (You found it on level 25 of a ziggurat)

   [staff of death]

   Base accuracy: +5 Base damage: 5 Base attack delay: 1.2 This weapon's minimum
   attack delay (0.6) is reached at skill level 12.
   Int:       It affects your intelligence (+4).
   rN:        It protects you from negative energy.
   Will:      It increases your willpower.
   It falls into the 'Staves' category.
   It is a one-handed weapon.
 L - the staff of fire "Uteiwast" {rF+ Int+5 Stlth+}
   (You found it on level 25 of a ziggurat)

   [staff of fire]

   Base accuracy: +5 Base damage: 5 Base attack delay: 1.2 This weapon's minimum
   attack delay (0.6) is reached at skill level 12.
   Int:       It affects your intelligence (+5).
   rF:        It protects you from fire.
   Stlth:     It makes you more stealthy.
   It falls into the 'Staves' category.
   It is a one-handed weapon.
 N - the staff of death "Heol Exi" {rPois rC++ rN+ Dex+4 Stlth-}
   (You found it on level 21 of a ziggurat)

   [staff of death]

   Base accuracy: +5 Base damage: 5 Base attack delay: 1.2 This weapon's minimum
   attack delay (0.6) is reached at skill level 12.
   Dex:       It affects your dexterity (+4).
   rC:        It greatly protects you from cold.
   rPois:     It protects you from poison.
   rN:        It protects you from negative energy.
   Stlth:     It makes you less stealthy.
   It falls into the 'Staves' category.
   It is a one-handed weapon.
Jewellery
 o - the amulet "Seotuxat" {Reflect Dex+3 SH+5}
   (You bought it in a shop on level 4 of the Vaults)

   [amulet of reflection]

   It reflects blocked missile attacks.
   Dex:       It affects your dexterity (+3).
   SH:        It affects your SH (+5).
 x - a +6 ring of intelligence (on amulet)
 E - the macabre finger necklace (around neck) {Finger+ rN+}
   (You took it off a vault warden on level 5 of the Vaults)

   [amulet of nothing]

   Finger+:   It enables you to equip an extra ring.
   rN:        It protects you from negative energy.
 M - the ring of the Sparrow (left hand) {rElec Will+ EV+5 SInv}
   (You bought it in a shop on level 10 of the Dungeon)

   [ring of evasion]

   EV:        It affects your evasion (+5).
   rElec:     It insulates you from electricity.
   SInv:      It lets you see invisible.
   Will:      It increases your willpower.
 P - the ring of the Mage (right hand) {Wiz Archmagi}
   (You found it on level 5 of the Vaults)

   [ring of wizardry]

   It improves your spell success rate.
   Archmagi:  It increases the power of your magical spells.
 Q - the ring of Lust {rC- Str+4 Int+9 SInv}
   (You bought it in a shop on level 10 of the Dungeon)

   [ring of see invisible]

   Str:       It affects your strength (+4).
   Int:       It affects your intelligence (+9).
   rC:        It makes you vulnerable to cold.
   SInv:      It lets you see invisible.
Wands
 G - a wand of acid (23)
 I - a wand of roots (36)
 X - a wand of digging (2)
Scrolls
 p - 9 scrolls of poison
 q - 7 scrolls of fear
 u - 2 scrolls of summoning
 B - 10 scrolls of immolation
 C - 9 scrolls of silence
 F - 25 scrolls of teleportation
 H - 5 scrolls of brand weapon
 J - 13 scrolls of vulnerability
 R - 14 scrolls of fog
 T - 12 scrolls of blinking
 W - a scroll of enchant armour
 Z - 6 scrolls of magic mapping
Potions
 c - 6 potions of resistance
 d - 24 potions of mutation
 e - 25 potions of curing
 j - 11 potions of attraction
 l - 2 potions of haste
 m - 7 potions of ambrosia
 s - 6 potions of might
 t - 2 potions of brilliance
 v - a potion of cancellation
 z - 3 potions of invisibility
 D - 8 potions of lignification
 K - 2 potions of berserk rage
 O - 7 potions of flight
Miscellaneous
 a - a box of beasts
 i - a +1 figurine of a ziggurat
 k - a phial of floods
 n - a phantom mirror
 r - the horn of Geryon
 w - a condenser vane


   Skills:
 - Level 12.0 Fighting
 - Level 6.8 Short Blades
 - Level 2.7 Throwing
 - Level 21.2 Dodging
 - Level 8.6 Stealth
 - Level 10.0 Shields
 + Level 26.0 Spellcasting
 O Level 27 Conjurations
 - Level 3.0 Hexes
 - Level 7.8 Summonings
 - Level 8.0 Necromancy
 - Level 16.9 Fire Magic
 O Level 27 Air Magic
 - Level 7.2 Evocations


You had 29 spell levels left.
You knew the following spells:

 Your Spells              Type           Power      Damage    Failure   Level
a - Orb of Destruction    Conj           80%        9d18      1%          7
b - Spellforged Servitor  Conj/Summ      70%        N/A       1%          7
c - Chain Lightning       Conj/Air       94%        3d125     1%          9
d - Conjure Ball Lightni  Conj/Air       94%        3x3d36    1%          6
e - Starburst             Conj/Fire      75%        6d19      1%          6
f - Ignition              Fire           69%        3d18      3%          8
g - Death Channel         Necr           55%        N/A       2%          6

Your spell library contained the following spells:

 Spells                   Type           Power      Damage    Failure   Level
 Apportation              Tloc           100%       N/A       1%          1
 Freeze                   Ice            100%       1d10      1%          1
 Magic Dart               Conj           100%       1d8       1%          1
 Necrotise                Necr           100%       1d9       1%          1
 Slow                     Hex            100%       N/A       1%          1
 Sting                    Tmut/Pois      100%       1d8       1%          1
 Summon Small Mammal      Summ           100%       N/A       1%          1
 Call Imp                 Summ           100%       N/A       1%          2
 Cigotuvi's Dreadful Rot  Necr/Pois/Air  100%       N/A       1%          2
 Ensorcelled Hibernation  Hex/Ice        100%       N/A       1%          2
 Lesser Beckoning         Tloc           100%       N/A       1%          2
 Passwall                 Tmut/Erth      57%        N/A       1%          2
 Poisonous Vapours        Pois/Air       100%       N/A       1%          2
 Scorch                   Fire           100%       2d9       1%          2
 Searing Ray              Conj           100%       2d8       1%          2
 Static Discharge         Conj/Air       100%       2-7/arc   1%          2
 Sublimation of Blood     Necr           100%       N/A       1%          2
 Wereblood                Tmut           69%        N/A       1%          2
 Call Canine Familiar     Summ           100%       N/A       1%          3
 Confusing Touch          Hex            88%        N/A       1%          3
 Dazzling Flash           Conj/Hex       100%       N/A       1%          3
 Frozen Ramparts          Ice            100%       1d16      1%          3
 Gell's Gravitas          Tloc           69%        N/A       1%          3
 Hailstorm                Conj/Ice       100%       3d20      1%          3
 Ignite Poison            Fire/Tmut/Pois 100%       N/A       1%          3
 Inner Flame              Hex/Fire       100%       N/A       1%          3
 Mephitic Cloud           Conj/Pois/Air  100%       N/A       1%          3
 Ozocubu's Armour         Ice            69%        N/A       1%          3
 Portal Projectile        Hex/Tloc       100%       N/A       1%          3
 Spider Form              Tmut/Pois      69%        N/A       1%          3
 Stone Arrow              Conj/Erth      100%       3d13      1%          3
 Summon Guardian Golem    Hex/Summ       100%       N/A       1%          3
 Swiftness                Air            100%       N/A       1%          3
 Teleport Other           Tloc           69%        N/A       1%          3
 Tukima's Dance           Hex            88%        N/A       1%          3
 Vampiric Draining        Necr           100%       2d13      1%          3
 Vhi's Electric Charge    Tloc/Air       100%       N/A       1%          3
 Volatile Blastmotes      Fire/Tloc      100%       2d18      1%          3
 Airstrike                Air            94%        2d(14-30) 1%          4
 Anguish                  Hex/Necr       50%        N/A       1%          4
 Dispel Undead            Necr           100%       3d31      1%          4
 Flame Wave               Conj/Fire      100%       2d21      1%          4
 Fulminant Prism          Conj/Hex       67%        3d28      1%          4
 Iskenderun's Mystic Bla  Conj/Tloc      100%       2d19      1%          4
 Sticky Flame             Conj/Fire      100%       2d11      1%          4
 Summon Ice Beast         Ice/Summ       92%        N/A       1%          4
 Summon Lightning Spire   Summ/Air       100%       N/A       1%          4
 Agony                    Necr           100%       N/A       1%          5
 Arcjolt                  Conj/Air       94%        1d104     1%          5
 Fireball                 Conj/Fire      75%        3d28      1%          5
 Freezing Cloud           Conj/Ice/Air   83%        6-21      1%          5
 Irradiate                Conj/Tmut      64%        3d33      1%          5
 Iskenderun's Battlesphe  Conj           100%       2d15      1%          5
 Summon Mana Viper        Hex/Summ       100%       N/A       1%          5
 Plasma Beam              Fire/Air       88%        2x1d117   1%          6
 Maxwell's Capacitive Co  Air            94%        ∞         1%          8
 Leda's Liquefaction      Hex/Erth       39%        N/A       2%          4
 Summon Forest            Summ/Tloc      46%        N/A       2%          5
 Storm Form               Tmut/Air       77%        N/A       2%          7
 Summon Cactus Giant      Summ           55%        N/A       3%          6
 Ice Form                 Ice/Tmut       69%        N/A       4%          4
 Manifold Assault         Tloc           69%        N/A       4%          4
 Olgreb's Toxic Radiance  Pois           69%        N/A       4%          4
 Passage of Golubria      Tloc           69%        N/A       4%          4
 Fire Storm               Conj/Fire      75%        8d19      4%          9
 Metabolic Englaciation   Hex/Ice        39%        N/A       5%          5
 Yara's Violent Unravell  Hex/Tmut       39%        3d16      5%          5
 Alistair's Intoxication  Tmut/Pois      46%        N/A       9%          5
 Blade Hands              Tmut           34%        N/A       9%          5
 Lee's Rapid Deconstruct  Erth           34%        3d17*     9%          5
 Monstrous Menagerie      Summ           55%        N/A       10%         7
 Summon Hydra             Summ           55%        N/A       10%         7
 Dispersal                Tloc           34%        N/A       32%         6
 Eringya's Noxious Bog    Tmut/Pois      34%        N/A       32%         6
 Statue Form              Tmut/Erth      46%        N/A       32%         6
 Malign Gateway           Summ/Tloc      46%        N/A       34%         7
 Enfeeble                 Hex            44%        N/A       45%         7
 Borgnjor's Revivificati  Necr           55%        N/A       45%         8
 Summon Horrible Things   Summ           55%        N/A       45%         8
 Dragon Form              Tmut           34%        N/A       80%         7
 Ozocubu's Refrigeration  Ice            34%        4d15      80%         7
 Necromutation            Tmut/Necr      46%        N/A       89%         8
 Discord                  Hex            44%        N/A       96%         8
 Death's Door             Necr           55%        N/A       99%         9
 Dragon's Call            Summ           55%        N/A       99%         9
 Disjunction              Tloc           34%        N/A       100%        8
 Polar Vortex             Ice            34%        N/A       100%        9
 Shatter                  Erth           34%        3d28*     100%        9
 Animate Armour           Summ/Erth      Unusable   N/A       N/A         4
 Simulacrum               Ice/Necr       Unusable   N/A       N/A         6

Dungeon Overview and Level Annotations

Branches:
Dungeon (15/15)            Temple (1/1) D:4            Lair (5/5) D:10
  Swamp (4/4) Lair:2        Snake (4/4) Lair:3        Slime (0/5) Lair:5
    Orc (2/2) D:9             Elf (3/3) Orc:2        Vaults (5/5) D:14
  Crypt (3/3) Vaults:3       Tomb (0/3) Crypt:3      Depths (4/4) D:15
   Hell (visited)             Dis (0/7) Hell            Geh (0/7) Hell
    Coc (0/7) Hell            Tar (0/7) Hell            Zot (5/5) Depths:4
  Sewer (visited)         Ossuary (visited)         Volcano (visited)

Altars:
Ashenzari
Cheibriados
Dithmenos
Elyvilon
Fedhas
Gozag
Hepliaklqana
Kikubaaqudgha
Makhleb
Nemelex Xobeh
Okawaru
Ru
Sif Muna
Trog
Uskayaw
Vehumet
Wu Jian
Xom
Yredelemnul
Zin
The Shining One
Jiyva
Lugonu

Shops:
D:10 [=   Orc:2 (*(*   Elf:3 (?:(   Lair:5 :   Swamp:1 :   Snake:1 :=
Snake:2 =   Snake:3 [   Snake:4 **:   Vaults:2 (*[:   Vaults:4 *([=   Hell ====

Portals:
Hell: Depths:1 Depths:2 Depths:3 Depths:4
Abyss: Lair:5 Depths:3 Depths:4
Pandemonium: Depths:2

Annotations:
D:2 exclusion: oklob plant
D:4 exclusion: 4 doors
D:6 exclusion: gargoyle
Swamp:2 1 runed translucent door, Goxon Jio's ghost, adept MfGl
Depths:1 exclusion: orange crystal statue


Innate Abilities, Weirdness & Mutations

You can breathe blasts of noxious fumes.
Your lurid green scales are hard. (AC +13)
You cannot fit into any form of body armour.
Your tail ends in a venomous barb.
Your system is resistant to poisons. (rPois)
You are cold-blooded and may be slowed by cold attacks.
You sometimes lose your temper in combat.
You are clumsy. (Dex -2)
You are strong-willed. (Will+)


Message History

The bolt of lightning hits the dread lich!
The dread lich resists.
The dread lich is lightly damaged.
An Orb Guardian comes into view.
Unknown command.
Casting: Chain Lightning (dangerous; 1% risk of failure)
Confirm with . or Enter, or press ? or * to list all spells.
You feel a strong surge of power! Lightning arcs from your hands!
The bolt of lightning hits the tentacled monstrosity!!!!
The tentacled monstrosity resists.
You kill the tentacled monstrosity!
The bolt of lightning hits the Orb Guardian!!!
The Orb Guardian is severely wounded.
Magical energy flows into your mind!
The Orb Guardian is distracted by your dazzling golden aura.
Your Spellcasting skill increases to level 26!
Unknown command.
Casting: Chain Lightning (dangerous; 1% risk of failure)
Confirm with . or Enter, or press ? or * to list all spells.
You feel a strong surge of power! Lightning arcs from your hands!
The bolt of lightning hits the orb of fire!!!
The orb of fire resists.
The orb of fire is moderately damaged.
The bolt of lightning hits the orb of fire!!
The orb of fire resists.
The orb of fire is heavily damaged.
The bolt of lightning hits the Orb Guardian!!!!
You kill the Orb Guardian!
The bolt of lightning hits the orb of fire!!!
The orb of fire resists.
The orb of fire is moderately damaged.
Magical energy flows into your mind!
The orb of fire glows bright magenta.
Strange energies course through your body.
You feel clumsy.
A Killer Klown comes into view. It is wielding a +9 club of distortion.
The orb of fire glows bright magenta.
The fireball explodes!
The fireball engulfs you!!!!
You die...
Your body crumbles into a pile of gold.

#.......^.....#
#.......p.....#
#.......L*......
########*####### #.#$#$#
##.#...#.## #...
##.##$..##.## ....
.####.<#.....#..####...#
⌠.......@................
.####..#.......#..#####..
# #.###.....###.# #.. ##.
#.# ####### #.# #.. ...#
##.# #.## ##. ...# #..##
##..# ##.. #..# #...#
#.⌠^###..#
#..##...#########...##..##
#..............⌠......##


You could see 2 orbs of fire and a Killer Klown.

Vanquished Creatures
  5 dread liches
  8 ancient liches
  2 orbs of fire (Zot:5)
  A juggernaut (Depths:4)
  Sojobo (Crypt:2)
  2 royal mummies (Zig:14)
  5 shard shrikes
  A Killer Klown (Zot:5)
  Saint Roka (Orc:1)
  Margery (Crypt:2)
  4 caustic shrikes
  Geryon (Hell)
  3 golden dragons
  5 pandemonium lords
  8 bone dragons
  7 Brimstone Fiends
  9 tentacled monstrosities
  An iron giant (Zig:8)
  7 Tzitzimimeh
  2 hellephants
  A walking crystal tome (Depths:2)
  9 Ice Fiends
  3 deep elf blademasters
  10 liches
  A deep elf master archer (Elf:3)
  11 Hell Sentinels
  13 Orb Guardians (Zot:5)
  5 quicksilver dragons
  6 titans
  An acid blob (Zig:2)
  4 sphinxes
  A quicksilver dragon (shapeshifter) (Depths:2)
  20 ancient champions
  8 tentacled starspawn (Zig:24)
  Agnes (D:15)
  8 Executioners
  4 death cobs
  Donald (Swamp:3)
  10 storm dragons
  Kirke (Snake:3)
  11 tengu reavers
  10 nagarajas
  6 draconian monks
  2 shadow dragons
  An emperor scorpion (Zig:22)
  10 demonspawn warmongers
  16 revenants
  A fenstrider witch (Swamp:2)
  3 fire giants
  A fire giant (shapeshifter) (Zig:5)
  7 vault wardens
  14 draconian knights
  9 balrugs
  7 draconian scorchers
  A caustic shrike zombie (Zig:14)
  15 frost giants
  Louise (Depths:4)
  An iron dragon (Hell)
  14 ghouls
  2 quicksilver elementals (Zig:8)
  A spectral caustic shrike (Crypt:3)
  4 deep elf sorcerers
  3 orc warlords
  6 ghost moths
  12 draconian stormcallers
  A ghost moth (shapeshifter) (Vaults:5)
  3 draconian annihilators (Zig:26)
  10 curse skulls
  2 juggernaut zombies (Zig:14)
  A spriggan defender (Depths:1)
  2 war gargoyles
  9 ironbound preservers
  6 draconian shifters
  2 deep elf elementalists (Elf:3)
  10 demonspawn blood saints
  14 demonspawn corrupters
  13 cacodemons
  21 reapers
  A quicksilver ooze (shapeshifter) (Zig:5)
  3 very ugly things
  16 stone giants
  17 vampire knights
  11 black draconians
  3 deep elf demonologists
  A spectral titan (Crypt:3)
  5 eleionomae
  5 bunyips
  2 dire elephants
  A halazid warlock (Hell)
  4 deep elf annihilators
  10 purple draconians
  7 green draconians
  8 red draconians
  10 yellow draconians
  11 demonspawn black suns
  5 lorocyprocas
  5 white draconians
  3 spark wasps
  6 green deaths
  A putrid mouth (Hell)
  10 blizzard demons
  11 ettins
  A spectral quicksilver dragon (Crypt:3)
  An iron golem (Zig:8)
  3 jiangshi
  3 mummy priests (Zig:14)
  8 deep elf death magi
  4 entropy weavers
  2 fire dragons
  7 deep elf high priests
  13 yaktaur captains
  25 eidola
  5 merfolk javelineers (Zig:20)
  7 ice dragons
  3 merfolk impalers (Zig:20)
  3 shambling mangroves
  14 hell beasts
  4 great orbs of eyes
  A spectral iron giant (Crypt:3)
  3 spectral spriggans (Crypt:3)
  A salamander tyrant (Snake:4)
  27 vault guards
  Harold (D:9)
  2 rakshasas (Depths:1)
  20 hydras
  A spectral shadow dragon (Crypt:3)
  A hydra (shapeshifter) (Vaults:5)
  A juggernaut simulacrum (Crypt:3)
  A spriggan skeleton (Zig:14)
  Erica (D:11)
  An ogre mage (Vaults:5)
  2 ghost crabs
  A merfolk avatar (Zig:20)
  A spectral stone giant (Crypt:3)
  3 two-headed ogres
  A jorogumo (Zig:6)
  A radroach (Zig:6)
  18 anacondas
  4 ironbound frosthearts
  9 merfolk aquamancers
  A death knight (D:13)
  A boulder beetle (D:11)
  7 centaur warriors
  An alligator snapping turtle (Zig:22)
  2 dancing weapons (Elf:2)
  A satyr (Zig:22)
  4 tengu warriors
  5 alligators
  11 death yaks
  A death scarab (Zig:14)
  17 hell hogs
  17 naga sharpshooters
  4 deep troll shamans
  9 vampire magi
  7 thrashing horrors
  27 naga warriors
  A satyr (shapeshifter) (D:15)
  4 deep troll earth magi
  3 spriggan berserkers
  2 orc high priests (Zig:9)
  9 deep elf knights
  Sonja (D:11)
  17 hell knights
  3 spectral storm dragons (Crypt:3)
  5 shock serpents
  11 sun demons
  Nergalle (Lair:3)
  7 soul eaters
  12 spriggans
  A crystal echidna (Zig:8)
  2 pharaoh ants (Zig:22)
  3 skysharks
  An iron troll (Depths:2)
  7 wretched stars (Zig:24)
  2 sun moths (Zig:6)
  A death drake (Zig:15)
  An anaconda zombie (Hell)
  A salamander mystic (Volcano)
  4 sea snakes
  3 goliath frogs
  16 deep trolls
  3 sixfirhies
  11 shadow wraiths
  9 skeletal warriors
  A spectral anaconda (Crypt:3)
  A spark wasp zombie (Crypt:3)
  4 glowing orange brains
  3 spriggan druids (Swamp:2)
  18 flayed ghosts
  4 spatial maelstroms
  A spriggan simulacrum (Zig:16)
  4 swamp dragons
  8 naga ritualists
  A spectral hydra (Swamp:4)
  6 shadow demons
  6 obsidian statues
  5 wizards
  9 orange crystal statues
  3 lindwurms
  2 swamp dragons (shapeshifter) (Zig:21)
  A spectral merfolk (Crypt:3)
  7 starcursed masses (Zig:24)
  6 bog bodies
  12 necromancers
  5 ironbound convokers
  11 orc knights
  21 phantasmal warriors
  6 deep elf pyromancers
  13 harpies
  8 deep elf zephyrmancers
  3 oklob plants (Swamp:4)
  2 broodmother zombies
  14 mana vipers
  4 orc sorcerers
  13 moths of wrath
  4 manticores
  A shining eye (Zig:2)
  20 ugly things
  6 cyclopes
  A faun (shapeshifter) (Zig:21)
  10 salamanders
  2 will-o-the-wisps
  A wolf spider (Zig:22)
  38 black mambas
  2 spectral ettins (Crypt:3)
  6 elephants
  13 guardian serpents
  2 merfolk sirens (Zig:20)
  18 naga magi
  7 rust devils
  5 molten gargoyles
  An eye of devastation (shapeshifter) (Zig:21)
  6 vault sentinels
  8 water nymphs (Zig:20)
  4 apocalypse crabs
  3 gargoyles
  15 smoke demons
  12 ice statues
  A centaur zombie (Crypt:3)
  6 orange demons
  11 cane toads
  A demonic crawler (Zig:27)
  A cane toad (shapeshifter) (Vaults:5)
  10 hellions
  2 storm dragon simulacra
  5 torpor snails
  8 yaktaurs
  An alligator snapping turtle skeleton (Crypt:3)
  An unseen horror zombie (Crypt:1)
  7 rime drakes
  2 sea snake zombies (Hell)
  A redback zombie (Crypt:2)
  A spectral naga (Crypt:3)
  18 freezing wraiths
  10 komodo dragons
  8 ancient zymes
  5 tormentors
  A tengu conjurer (Depths:1)
  14 trolls
  A black draconian skeleton (Crypt:2)
  2 anaconda simulacra
  6 ice devils
  5 red devils
  3 spectral harpies (Crypt:3)
  3 hydra zombies (Hell)
  9 guardian mummies (Zig:14)
  A merfolk (shapeshifter) (Vaults:5)
  A mana viper zombie (Crypt:2)
  16 merfolk (Zig:20)
  A sea snake skeleton (Hell)
  2 bloated husks (Swamp:2)
  3 polar bears
  A tarantella (Zig:6)
  17 hornets
  9 tyrant leeches
  A wind drake (Zig:20)
  Grinder (D:4)
  7 hellwings
  6 nameless horrors
  36 blink frogs
  A spectral swamp dragon (Crypt:3)
  A raiju (shapeshifter) (Zig:21)
  3 raiju (Zig:24)
  A great orb of eyes zombie (Crypt:3)
  6 dream sheep (Lair:2)
  A dream sheep (shapeshifter) (Zig:21)
  13 large abominations
  2 snapping turtles (Zig:20)
  A spectral black mamba (Crypt:3)
  A frost giant simulacrum (Zig:11)
  2 shadows
  A black mamba zombie (Crypt:3)
  A spriggan (shapeshifter) (Zig:7)
  5 ynoxinuls
  13 flying skulls
  A jumping spider (shapeshifter) (Lair:5)
  2 slime creatures (shapeshifter)
  A vampire (D:13)
  An alligator skeleton (Crypt:1)
  11 slime creatures
  Sigmund (D:2)
  3 wraiths
  3 hogs
  3 ushabtiu (Zig:14)
  62 yaks
  6 wyverns
  6 fire bats (Volcano)
  6 water elementals
  Grum (D:9)
  6 neqoxecs (Zig:24)
  Eustachio (D:4)
  8 vampire mosquitoes
  A sea snake simulacrum (Hell)
  9 basilisks
  2 chaos spawn
  Menkaure (D:4)
  11 swamp worms
  A harpy simulacrum (Crypt:3)
  A swamp worm (shapeshifter) (Zig:21)
  3 wargs
  19 water moccasins
  11 small abominations
  2 acid dragons
  37 nagas
  2 hell hounds (D:14)
  A naga (shapeshifter) (Lair:5)
  A floating eye (Depths:1)
  2 fire bat skeletons
  A glowing shapeshifter skeleton (Crypt:3)
  A hydra simulacrum (Swamp:4)
  A cane toad skeleton (Crypt:1)
  A merfolk skeleton (Crypt:1)
  A naga skeleton (Crypt:3)
  3 sky beasts
  7 ice beasts
  39 orc warriors
  9 black bears
  8 ogres
  22 centaurs
  A phantom (D:5)
  A manticore skeleton (Crypt:3)
  11 wolves
  A kobold brigand (D:7)
  A torpor snail zombie (Crypt:3)
  12 bullfrogs
  2 necrophages
  2 salamander skeletons
  A gnoll sergeant (D:11)
  2 earth elementals
  3 scorpions
  13 wights
  A water moccasin skeleton (Crypt:1)
  A wyvern skeleton (Crypt:2)
  8 killer bees
  3 howler monkeys
  2 electric eels (Lair:3)
  A wolf skeleton (Crypt:2)
  7 lava snakes (Volcano)
  4 hounds
  8 jellies
  11 orc priests
  24 orc wizards
  3 iguanas
  17 hell rats
  An ogre skeleton (Crypt:2)
  A hound zombie (Crypt:1)
  15 mummies
  14 gnolls
  11 adders
  9 river rats (Lair:4)
  6 adder zombies (Ossuary)
  4 dart slugs
  55 orcs
  5 bats
  12 endoplasms
  6 giant cockroaches
  7 hobgoblins
  5 quokkas
  12 ball pythons
  4 frilled lizards
  A frilled lizard zombie (Crypt:3)
  11 goblins
  4 goblin zombies
  A hobgoblin skeleton (Crypt:1)
  2 hobgoblin zombies (Ossuary)
  10 kobolds
  A kobold skeleton (Crypt:2)
  3 kobold zombies (Ossuary)
  10 rats
  4 rat zombies (Ossuary)
  2 briar patches (Swamp:4)
  A fulminant prism (Lair:5)
  3 starspawn tentacles (Zig:24)
2423 creatures vanquished.

Vanquished Creatures (collateral kills)
  A dread lich (Zig:21)
  An ancient lich (Zig:21)
  Josephina (Depths:4)
  A shard shrike (Zig:16)
  Parghit (Depths:4)
  2 caustic shrikes (Depths:4)
  8 golden dragons
  Jorgrun (D:14)
  A Tzitzimitl (Zig:18)
  5 tentacled monstrosities
  5 liches
  4 titans
  An ancient champion (Zig:17)
  3 sphinxes
  A tengu reaver (Depths:2)
  A shadow dragon (Vaults:1)
  4 storm dragons
  2 thorn hunters
  2 draconian monks
  2 draconian knights (Zig:26)
  4 nagarajas
  A draconian scorcher (Zig:26)
  3 fire giants
  A demonspawn warmonger (Zig:18)
  2 deep elf sorcerers
  3 emperor scorpions (Zig:22)
  2 frost giants
  2 iron dragons
  6 vault wardens
  3 deep elf elementalists (Elf:3)
  A juggernaut zombie (Zig:14)
  A ghost moth (Zig:22)
  6 stone giants
  7 ironbound preservers
  10 very ugly things
  A spriggan defender (Depths:1)
  4 ironbound thunderhulks
  3 vampire knights
  A war gargoyle (Vaults:4)
  2 eleionomae
  A black draconian (Depths:4)
  9 deep elf demonologists
  13 dire elephants
  4 deep elf annihilators
  A red draconian (Zig:26)
  3 spark wasps (Depths:2)
  Azrael (D:15)
  A purple draconian (Depths:4)
  A spark wasp (shapeshifter) (Depths:1)
  An ettin (Depths:4)
  2 blizzard demons
  A green death (Zig:18)
  A merfolk javelineer (Zig:22)
  3 deep elf death magi (Elf:3)
  3 crystal guardians
  3 nameless horrors
  2 shambling mangroves (Swamp:4)
  7 yaktaur captains
  A fire dragon (Depths:2)
  8 hydras
  3 great orbs of eyes
  2 peacekeepers
  3 hell beasts
  2 deep elf high priests (Elf:3)
  4 vault guards
  2 ogre magi
  A radroach (Zig:22)
  3 ice dragons
  7 centaur warriors
  2 spriggan air magi (Depths:2)
  5 ironbound frosthearts (Vaults:1)
  2 alligator snapping turtles (Zig:22)
  3 alligators (Swamp:3)
  A boulder beetle (Vaults:1)
  24 dancing weapons
  6 merfolk aquamancers
  A spriggan skeleton (D:15)
  3 deep troll earth magi
  A hell hog (Depths:3)
  3 tengu warriors
  3 deep troll shamans
  A spriggan berserker (Depths:1)
  16 deep elf knights
  A fire crab (shapeshifter) (D:15)
  A sixfirhy (Depths:2)
  A skeletal warrior (D:15)
  2 iron trolls (Depths:4)
  2 flayed ghosts
  2 sea snakes (Zig:20)
  A bog body (Zig:22)
  A glowing orange brain (Depths:3)
  A quicksilver dragon simulacrum (Depths:4)
  31 deep trolls
  6 swamp dragons
  4 spriggan druids
  An orb spider (shapeshifter) (Zig:21)
  7 harpies
  2 spectral hydras (Swamp:4)
  14 deep elf archers
  7 ironbound convokers
  8 wizards
  31 deep elf pyromancers
  13 ugly things
  30 deep elf zephyrmancers
  3 necromancers
  3 phantasmal warriors
  8 lindwurms
  2 will-o-the-wisps
  2 manticores (Zig:20)
  13 vault sentinels
  A merfolk siren (Zig:22)
  A cyclops (D:15)
  2 guardian serpents (Zig:22)
  A smoke demon (Depths:2)
  A water nymph (Zig:20)
  A rime drake (Zig:16)
  3 tengu conjurers
  2 freezing wraiths
  25 yaktaurs
  2 golden dragon simulacra
  2 death drake zombies (Swamp:4)
  4 hydra zombies (Swamp:4)
  2 guardian mummies
  A tyrant leech (Swamp:3)
  2 merfolk (Zig:20)
  A bloated husk (Zig:15)
  A shadow dragon simulacrum (Depths:4)
  A hellwing (Zig:18)
  A hydra skeleton (Swamp:4)
  A death drake skeleton (Swamp:4)
  3 air elementals
  8 slime creatures
  A spriggan (Swamp:3)
  8 water elementals
  3 fire elementals
  An ushabti (Zig:14)
  A wraith (Vaults:3)
  A basilisk (shapeshifter) (Elf:2)
  4 swamp worms (Swamp:3)
  A glowing shapeshifter zombie (D:15)
  A human zombie (D:15)
  A hell hound (D:15)
  A floating eye (Depths:3)
  2 hydra simulacra (Swamp:4)
  2 swamp drakes
  A boggart (Elf:1)
  A swamp dragon skeleton (Swamp:4)
  3 earth elementals
  An orc (D:15)
  18 ball lightnings
  A briar patch (Swamp:3)
589 creatures vanquished.

Vanquished Creatures (others)
  A dread lich (Zig:13)
  A lich (Zig:13)
  An Ice Fiend (Zig:18)
  A deep elf master archer (Elf:3)
  A revenant (Zig:13)
  A reaper (Zig:18)
  A demonspawn blood saint (Zig:18)
  A deep elf annihilator (Elf:3)
  A bunyip (Zig:15)
  An eleionoma (Zig:15)
  A blizzard demon (Zig:27)
  An ice dragon (Zig:16)
  A yaktaur captain (Vaults:4)
  A peacekeeper (Vaults:4)
  A hell beast (Zig:23)
  A caustic shrike simulacrum (Depths:4)
  A tengu warrior (Depths:3)
  A salamander mystic (Zig:12)
  A spriggan druid (Swamp:4)
  A swamp dragon (Zig:15)
  A deep elf archer (Elf:2)
  A deep elf pyromancer (Elf:1)
  A nameless horror (Elf:1)
  A deep elf zephyrmancer (Elf:1)
  A frost giant zombie (D:15)
  A rime drake (Zig:16)
  3 yaktaurs
  A bloated husk (Swamp:2)
  A blink frog (Lair:5)
  A slime creature (Vaults:4)
  A water elemental (Elf:1)
  A human (Snake:3)
  An orc (Orc:2)
  344 ball lightnings
  A briar patch (Swamp:3)
  A bush (Lair:4)
  A butterfly (D:13)
  4 foxfires
  201 fulminant prisms
  116 fungi
  165 plants
  5 starspawn tentacles (Zig:24)
  8 withered plants (D:15)
881 creatures vanquished.

Grand Total: 3893 creatures vanquished

Notes
Turn   | Place    | Note
-------+----------+-------------------------------------------
     0 | D:1      | holysushi the Draconian Conjurer began the quest for the
                  | Orb.
     0 | D:1      | Reached XP level 1. HP: 14/14 MP: 3/3
   178 | D:1      | Reached XP level 2. HP: 20/20 MP: 3/5
   818 | D:1      | Reached XP level 3. HP: 26/26 MP: 2/7
  1267 | D:2      | Found a faded altar of an unknown god.
  1285 | D:2      | Prayed at the altar of an unknown god.
  1285 | D:2      | Became a worshipper of Nemelex Xobeh the Trickster
  1285 | D:2      | Reached * piety under Nemelex Xobeh
  1285 | D:2      | Received a gift from Nemelex Xobeh
  1286 | D:2      | Fell from the grace of Nemelex Xobeh
  1364 | D:2      | Learned a level 2 spell: Searing Ray
  1626 | D:2      | Reached XP level 4. HP: 33/33 MP: 6/10
  1673 | D:2      | Noticed Sigmund
  1697 | D:2      | Killed Sigmund
  1698 | D:2      | Reached skill level 5 in Spellcasting
  1698 | D:2      | Reached XP level 5. HP: 6/38 MP: 9/13
  2568 | D:3      | Found a glowing drain.
  2638 | D:3      | Reached XP level 6. HP: 45/45 MP: 7/14
  2655 | Sewer    | Entered a sewer
  3100 | Sewer    | Found a viscous altar of Jiyva.
  3277 | Sewer    | Learned a level 3 spell: Dazzling Flash
  3282 | Sewer    | Learned a level 4 spell: Fulminant Prism
  4064 | D:4      | Noticed Menkaure
  4072 | D:4      | Killed Menkaure
  4073 | D:4      | Your scales start taking on a lurid green colour.
  4073 | D:4      | Reached XP level 7. HP: 29/50 MP: 6/16
  4073 | D:4      | Gained mutation: Your system is resistant to poisons.
                  | (rPois) [Green Draconian growth]
  4332 | D:4      | Noticed a +0 heavy glaive
  4332 | D:4      | Noticed a +0 rapier of flaming
  4332 | D:4      | Noticed a +0 great sword of electrocution
  4332 | D:4      | Noticed a +4 quarterstaff of freezing
  5460 | D:2      | Noticed a wandering mushroom
  5460 | D:2      | Noticed an oklob plant
  5460 | D:2      | Noticed a wandering mushroom
  5460 | D:2      | Noticed a wandering mushroom
  6862 | D:4      | Noticed Grinder
  6876 | D:4      | Killed Grinder
  6877 | D:4      | Reached skill level 1 in Short Blades
  6905 | D:4      | Noticed Eustachio
  6918 | D:4      | Killed Eustachio
  6919 | D:4      | Reached XP level 8. HP: 43/57 MP: 1/18
  6988 | D:4      | Found a staircase to the Ecumenical Temple.
  8209 | D:5      | Entered Level 5 of the Dungeon
  8235 | D:5      | Reached skill level 5 in Conjurations
  8237 | D:5      | Reached skill level 5 in Dodging
  8342 | D:5      | Found a sand-covered staircase.
  8367 | Ossuary  | Entered an ossuary
  8381 | Ossuary  | Reached skill level 1 in Fighting
 10471 | Ossuary  | Noticed a thrashing horror
 13764 | D:4      | Was forgiven by Nemelex Xobeh
 16986 | D:5      | Found a sacrificial altar of Ru.
 17083 | D:5      | Found a white marble altar of Elyvilon.
 17086 | D:5      | Found a shimmering altar of Xom.
 17086 | D:5      | Found a shimmering blue altar of Sif Muna.
 17088 | D:5      | Found a glowing silver altar of Zin.
 17088 | D:5      | Found a broken altar of Ashenzari.
 17088 | D:5      | Found a shimmering blue altar of Sif Muna.
 17191 | D:5      | Reached XP level 9. HP: 30/67 MP: 7/19
 17579 | D:5      | Found a blossoming altar of Fedhas.
 17743 | Temple   | Entered the Ecumenical Temple
 17943 | Temple   | Became a worshipper of Gozag Ym Sagoz the Greedy
 18655 | D:6      | Noticed a gargoyle
 19594 | D:7      | Reached XP level 10. HP: 57/73 MP: 20/20
 19799 | D:8      | Noticed a cyclops
 19811 | D:8      | Killed a cyclops
 20038 | D:8      | Found a hazy altar of Hepliaklqana.
 20258 | D:8      | Identified the +2 chain mail "Jeut" {Int+2}
 20721 | D:8      | Reached skill level 10 in Conjurations
 20984 | D:9      | Reached skill level 1 in Hexes
 21353 | D:9      | Noticed a two-headed ogre
 21363 | D:9      | Killed a two-headed ogre
 21411 | D:9      | Noticed a gargoyle
 21555 | D:9      | Noticed Harold
 21583 | D:9      | Killed Harold
 21749 | D:9      | Identified the ring of Zitask {rCorr Str+5}
 21854 | D:9      | Found a staircase to the Orcish Mines.
 21920 | D:9      | Noticed Grum
 21940 | D:9      | Reached XP level 11. HP: 62/82 MP: 21/21
 21947 | D:9      | Killed Grum
 22203 | D:9      | Identified a scroll of acquirement
 22209 | D:9      | Acquired the staff of conjuration "Tetaelli" {rF+}
 22737 | D:10     | Entered Level 10 of the Dungeon
 22759 | D:10     | Reached skill level 5 in Stealth
 23304 | D:10     | Found a staircase to the Lair.
 23392 | D:10     | Reached skill level 5 in Short Blades
 23658 | D:10     | Noticed a deep troll
 23665 | D:10     | Killed a deep troll
 23668 | D:10     | Reached skill level 1 in Evocations
 24471 | D:11     | Noticed a two-headed ogre
 24479 | D:11     | Killed a two-headed ogre
 24753 | D:11     | Noticed a brown ugly thing
 24771 | D:11     | Killed a brown ugly thing
 24923 | D:11     | Reached skill level 10 in Dodging
 24923 | D:11     | Reached XP level 12. HP: 86/91 MP: 19/22
 25282 | D:11     | Noticed Erica
 25293 | D:11     | Killed Erica
 25455 | D:11     | Noticed Sonja
 25472 | D:11     | Killed Sonja
 25941 | D:12     | Noticed a two-headed ogre
 25959 | D:12     | Killed a two-headed ogre
 26238 | Lair:1   | Entered Level 1 of the Lair of Beasts
 28158 | D:10     | Bought the ring of Lust {rC- Str+4 Int+9 SInv} for 676 gold
                  | pieces
 28217 | Lair:2   | Found a staircase to the Swamp.
 28219 | Lair:2   | Noticed a seven-headed hydra
 28229 | Lair:2   | Killed a seven-headed hydra
 28250 | Lair:2   | Reached XP level 13. HP: 84/96 MP: 7/23
 29802 | Lair:3   | Found a dark tunnel.
 29938 | Volcano  | Entered a volcano
 30192 | Volcano  | Reached skill level 15 in Dodging
 30192 | Volcano  | Noticed a red draconian
 30209 | Volcano  | Killed a red draconian
 30344 | Volcano  | Found a burning altar of Makhleb.
 30597 | D:10     | Bought the ring of the Sparrow {rElec Will+ EV+5 SInv} for
                  | 956 gold pieces
 30784 | Lair:3   | Noticed Nergalle
 30792 | Lair:3   | Killed Nergalle
 31292 | Lair:3   | Found a staircase to the Snake Pit.
 31711 | Lair:3   | Acquired the +2 pair of gloves of Exclusion {Will+ Dex+4}
 31935 | Lair:4   | Identified the +9 spear of Emaxal {freeze, rCorr Int+2}
 33675 | Lair:4   | Gained mutation: Your tail ends in a venomous barb. [Green
                  | Draconian growth]
 33675 | Lair:4   | Reached XP level 14. HP: 96/104 MP: 5/24
 34093 | Lair:4   | Reached skill level 5 in Evocations
 34520 | Lair:5   | Entered Level 5 of the Lair of Beasts
 34781 | Lair:5   | Reached skill level 1 in Throwing
 34901 | Lair:5   | Found a viscous altar of Jiyva.
 34902 | Lair:5   | Found a staircase to the Slime Pits.
 37555 | Lair:5   | Bought the Annotations on Assaults for 456 gold pieces
 37567 | Lair:5   | Learned a level 7 spell: Orb of Destruction
 37575 | Lair:5   | Learned a level 7 spell: Spellforged Servitor
 38810 | Lair:5   | Found a corrupted altar of Lugonu.
 38810 | Lair:5   | Found a one-way gate to the infinite horrors of the Abyss.
 40192 | Lair:5   | Found a corrupted altar of Lugonu.
 40192 | Lair:5   | Found a one-way gate to the infinite horrors of the Abyss.
 40330 | Lair:5   | Found Waxzinac's Book Emporium.
 40728 | Lair:5   | Bought a book of Spectacle for 480 gold pieces
 41138 | D:12     | Learned a level 6 spell: Starburst
 41505 | D:12     | Reached skill level 1 in Fire Magic
 41757 | D:13     | Reached XP level 15. HP: 97/110 MP: 11/25
 42160 | D:12     | Found a shadowy altar of Dithmenos.
 43764 | D:13     | Found a white marble altar of Elyvilon.
 44534 | D:14     | Found a gate to the Vaults.
 45100 | Snake:1  | Entered Level 1 of the Snake Pit
 45257 | Snake:1  | Reached skill level 5 in Fire Magic
 45653 | Snake:1  | Reached skill level 1 in Summonings
 45655 | Snake:1  | Identified the +8 rapier "Egogy" {pain, Will+}
 48115 | Snake:1  | Found Qausus's Book Emporium.
 48155 | Snake:1  | Found Zygule Kootu's Jewellery Boutique.
 48156 | Snake:1  | Found Salis's Book Emporium.
 48653 | Snake:2  | Reached skill level 5 in Summonings
 48823 | Snake:2  | You fall into a shaft and drop 1 floor!
 49542 | Snake:2  | Reached skill level 15 in Conjurations
 50038 | Snake:2  | Found Miushribu's Jewellery Shoppe.
 51395 | Snake:2  | Noticed a nagaraja
 51635 | Snake:2  | Killed a nagaraja
 51636 | Snake:2  | Reached XP level 16. HP: 99/116 MP: 11/26
 53959 | Snake:3  | Noticed Kirke
 54186 | Snake:3  | Killed Kirke
 55354 | Snake:3  | Reached skill level 5 in Fighting
 57349 | Lair:5   | Bought a manual of Dodging for 960 gold pieces
 57510 | Snake:4  | Entered Level 4 of the Snake Pit
 59401 | Snake:4  | Found Lurul's General Store.
 59403 | Snake:4  | Found Xusiboab's Specific Store.
 61448 | Snake:4  | Reached XP level 17. HP: 25/128 MP: 5/30
 62346 | Snake:4  | Got a serpentine rune of Zot
 63226 | Orc:1    | Entered Level 1 of the Orcish Mines
 63410 | Orc:2    | Entered Level 2 of the Orcish Mines
 63645 | Orc:2    | Noticed Saint Roka
 64196 | Orc:1    | Killed Saint Roka
 64377 | Orc:2    | Found Cegayn's Weapon Shoppe.
 64377 | Orc:2    | Found Yzeatz's Assorted Antiques.
 64453 | Orc:2    | Found a staircase to the Elven Halls.
 64862 | Orc:2    | Found Bimaufug's Assorted Antiques.
 64864 | Orc:2    | Found Xoerismu's Weapon Boutique.
 64868 | Orc:2    | Bought a runed orb for 360 gold pieces
 65383 | D:15     | Entered Level 15 of the Dungeon
 65405 | D:15     | Noticed Jorgrun
 65418 | D:15     | Found a staircase to the Depths.
 65642 | D:14     | Killed Jorgrun
 66688 | D:15     | Noticed Agnes
 66707 | D:15     | Noticed Azrael
 66938 | D:15     | Killed Azrael
 67122 | D:15     | Killed Agnes
 67413 | Depths:1 | Entered Level 1 of the Depths
 67413 | Depths:1 | Noticed a lich
 67595 | Swamp:1  | Entered Level 1 of the Swamp
 69307 | Swamp:2  | Found a sacrificial altar of Ru.
 70060 | Swamp:1  | Bought a book of Annihilations for 960 gold pieces
 71104 | Swamp:2  | Found a runed translucent door.
 71106 | Swamp:2  | Noticed Goxon Jio's ghost (adept MfGl)
 71674 | Swamp:3  | Noticed Donald
 71677 | Swamp:3  | Killed Donald
 72516 | Swamp:3  | Learned a level 4 spell: Airstrike
 73163 | Swamp:3  | Reached XP level 18. HP: 135/135 MP: 24/31
 73948 | Swamp:4  | Entered Level 4 of the Swamp
 74764 | Swamp:4  | Found the +12 glaive of Prune {freeze, Prune}
 75483 | Swamp:4  | Found a basalt altar of Yredelemnul.
 75490 | Swamp:4  | Found a blossoming altar of Fedhas.
 76281 | Swamp:4  | Got a decaying rune of Zot
 76414 | D:10     | Learned a level 9 spell: Chain Lightning
 76506 | Elf:1    | Entered Level 1 of the Elven Halls
 76523 | Elf:1    | Reached skill level 1 in Air Magic
 77367 | Elf:1    | Reached skill level 5 in Air Magic
 80109 | Elf:2    | Reached XP level 19. HP: 141/141 MP: 21/32
 80253 | Elf:2    | Found a runed translucent gate.
 80254 | Elf:2    | Found a runed translucent gate.
 80254 | Elf:2    | Found a runed translucent gate.
 80378 | Elf:2    | Reached skill level 10 in Air Magic
 82011 | Elf:3    | Entered Level 3 of the Elven Halls
 82287 | Elf:3    | Found Impoid Atae's Weapon Shop.
 82287 | Elf:3    | Found Coet's Weapon Boutique.
 82289 | Elf:3    | Found Otaqasi's Book Shop.
 82290 | Elf:3    | Found Qatuem's Magic Scroll Boutique.
 82341 | Elf:3    | Bought a scroll of teleportation for 60 gold pieces
 82341 | Elf:3    | Bought a scroll of teleportation for 60 gold pieces
 82915 | Elf:3    | Found a shimmering altar of Xom.
 84243 | Elf:3    | Identified the ring of Wishful Thinking {Contam rElec rC+
                  | EV+5 Str+3}
 84261 | Elf:3    | Paralysed by an air elemental for 1 turns
 84264 | Elf:3    | Paralysed by an air elemental for 1 turns
 84715 | Elf:3    | Identified the +6 buckler "Dung" {Str+6 Stlth+}
 85042 | Elf:3    | Found Impoid Atae's Weapon Shop.
 85042 | Elf:3    | Found Coet's Weapon Boutique.
 85044 | Elf:3    | Found Qatuem's Magic Scroll Boutique.
 85200 | Elf:3    | Found Otaqasi's Book Shop.
 85299 | Elf:3    | Found a shimmering altar of Xom.
 85891 | Elf:3    | Reached skill level 15 in Air Magic
 86056 | Elf:3    | Identified the +8 long sword "Koblic" {flame, Str+2 Int-4
                  | SInv}
 86056 | Elf:3    | Identified the +4 leather armour "Heus" {Drain Str+5}
 86056 | Elf:3    | Identified the amulet "Budasostrah" {Faith rC+ Int+2 Dex+4}
 86063 | Elf:3    | Identified the +9 triple sword "Foimov" {heavy, Stlth+}
 86149 | Elf:3    | Identified the +4 war axe "Umeidal" {drain, rPois rC+ Will+
                  | Dex-5}
 86152 | Elf:3    | Found the +9 staff of Olgreb {rPois∞}
 86173 | Elf:3    | Identified the +0 scale mail "Kafin" {rF+}
 86190 | Elf:3    | Got the Compendium of Asceticism
 86199 | Elf:3    | Identified the +4 lajatang of the Pariah {drain, Fly}
 86202 | Elf:3    | Identified the +3 lajatang "Keobelenk" {flame, Will- Dex+5
                  | Stlth+}
 86204 | Elf:3    | Identified the staff of fire "Jekko" {rF+ rN+ Str+3}
 86881 | Vaults:1 | Entered Level 1 of the Vaults
 87302 | Vaults:1 | Reached XP level 20. HP: 109/148 MP: 16/33
 90830 | Vaults:2 | Got the Dissertation on Helpful Bruises
 91728 | Vaults:2 | Found Duiggoat's Book Shop.
 91986 | Vaults:2 | Learned a level 6 spell: Conjure Ball Lightning
 92332 | Vaults:2 | Found Fenuryutt's Armour Shop.
 92364 | Vaults:2 | Bought a +1 hat for 176 gold pieces
 92391 | Vaults:2 | Found Ymearuta's Antique Weapon Emporium.
 93157 | Vaults:2 | Found Qicvitik's General Store.
 93165 | Vaults:2 | Bought a potion of heal wounds for 70 gold pieces
 94878 | Vaults:3 | Reached XP level 21. HP: 107/155 MP: 23/34
 95774 | Vaults:3 | Found a staircase to the Crypt.
 96911 | Vaults:4 | Identified the +0 robe of the Butterfly {Rampage rC++}
 97623 | Vaults:4 | Found Emih's Assorted Antiques.
 97631 | Vaults:4 | Bought a scroll of blinking for 247 gold pieces
 98408 | Vaults:4 | Bought the amulet "Seotuxat" {Reflect Dex+3 SH+5} for 562
                  | gold pieces
 98550 | Vaults:5 | Entered Level 5 of the Vaults
 98554 | Vaults:5 | Reached skill level 10 in Spellcasting
100687 | Depths:1 | Found a gateway to Hell.
101524 | Depths:1 | Acquired the +4 pair of gloves of Anarchy {Dex+5}
101808 | Depths:1 | Identified the staff of poison "Lesipt" {rPois Int+3 Dex+2}
101928 | Depths:1 | Noticed a dread lich
102017 | Depths:1 | Found a runed translucent door.
102217 | Depths:1 | Killed a dread lich
102444 | Depths:1 | Paralysed by a floating eye for 2 turns
102677 | Depths:1 | Identified the +0 ice dragon scales of the Seven Lies
                  | {rPois rF- rC++ Will+ Dex-2}
103285 | Depths:2 | Reached XP level 22. HP: 161/161 MP: 32/37
104512 | Depths:2 | Found a one-way gate leading to the halls of Pandemonium.
105740 | Depths:2 | Noticed a golden dragon
105937 | Depths:2 | Killed a golden dragon
106325 | Depths:3 | Noticed Parghit
107686 | Depths:3 | Noticed a golden dragon
107711 | Depths:3 | Killed a golden dragon
108643 | Depths:4 | Entered Level 4 of the Depths
108920 | Depths:4 | Noticed a golden dragon
108923 | Depths:4 | Killed a golden dragon
109048 | Depths:4 | Noticed Louise
109064 | Depths:4 | Killed Louise
109497 | Depths:4 | Found a one-way gateway to a ziggurat.
109528 | Depths:4 | Noticed a caustic shrike
109529 | Depths:4 | Noticed a caustic shrike
109531 | Depths:4 | Noticed a caustic shrike
109533 | Depths:4 | Killed a caustic shrike
109535 | Depths:4 | Killed a caustic shrike
109537 | Depths:4 | Killed a caustic shrike
109542 | Depths:4 | Noticed a juggernaut
109549 | Depths:4 | Noticed a caustic shrike
109571 | Depths:4 | Killed a caustic shrike
110464 | Depths:4 | Killed Parghit
110610 | Depths:4 | Noticed a caustic shrike
110616 | Depths:4 | Killed a caustic shrike
111258 | Depths:4 | Killed a juggernaut
111490 | Depths:4 | Found a gate to the Realm of Zot.
111656 | Depths:4 | Found a blossoming altar of Fedhas.
111936 | Depths:4 | Identified the ring "Doblaidd" {Ice Str+3}
111936 | Depths:4 | Noticed Josephina
111948 | Depths:4 | Killed Josephina
112231 | Depths:3 | Reached XP level 23. HP: 167/167 MP: 31/39
112451 | Vaults:5 | Noticed a dread lich
112454 | Vaults:5 | Killed a dread lich
112457 | Vaults:5 | Gained mutation: You are dopey. (Int -2) [mutagenic glow]
112458 | Vaults:5 | Noticed an ancient lich
112682 | Vaults:5 | Killed an ancient lich
112682 | Vaults:5 | Noticed an ancient lich
112901 | Vaults:5 | Noticed an ancient lich
112913 | Vaults:4 | Killed an ancient lich
113105 | Vaults:5 | Killed an ancient lich
113852 | Vaults:5 | Noticed an ancient lich
113964 | Vaults:5 | Killed an ancient lich
114401 | Vaults:5 | Noticed a dread lich
114534 | Vaults:5 | Killed a dread lich
115837 | Vaults:5 | Identified the ring of the Tormentor {Fire rPois}
116772 | Vaults:5 | Identified the +7 battleaxe of the Voracious God {freeze,
                  | MP+9 Str-4 Int+5 SInv}
116772 | Vaults:5 | Found the ring of the Octopus King {rC+ HP+2 AC+2 EV+2
                  | SH+2}
117579 | Vaults:5 | Found the ring of the Mage {Wiz Archmagi}
117664 | Vaults:5 | Identified the staff of conjuration "Hepnir" {Dex+2}
117665 | Vaults:5 | Identified the staff of fire "Icyucod" {rF+ rC+}
118224 | Vaults:5 | Identified the +1 flail of Vugachay {venom, rC+ Int-4
                  | Dex+6}
118230 | Vaults:5 | Identified the +6 shortbow "Heregoec" {freeze, rPois Dex+4}
118247 | Vaults:5 | Got a silver rune of Zot
118407 | Vaults:5 | Identified the amulet of Fak Hido {Fly Regen+ Slay+6}
118943 | Vaults:5 | Lost mutation: You are dopey. (Int -2) [potion of mutation]
118943 | Vaults:5 | Gained mutation: Your spells are a little harder to cast,
                  | but a little more powerful. [potion of mutation]
118943 | Vaults:5 | Gained mutation: You are strong-willed. (Will+) [potion of
                  | mutation]
119058 | Vaults:4 | Bought a +0 buckler of cold resistance for 218 gold pieces
119161 | Crypt:1  | Entered Level 1 of the Crypt
119366 | Crypt:1  | Reached skill level 1 in Shields
120841 | Crypt:1  | Identified the amulet "Kaetyr" {RegenMP Will+ SInv}
121510 | Crypt:2  | Noticed Margery
121852 | Crypt:2  | Reached XP level 24. HP: 158/174 MP: 13/39
121852 | Crypt:2  | Killed Margery
121989 | Crypt:2  | Reached skill level 5 in Shields
122127 | Crypt:2  | Noticed Sojobo
122130 | Crypt:2  | Killed Sojobo
122691 | Crypt:3  | Entered Level 3 of the Crypt
125055 | Crypt:3  | Identified the +0 leather armour of Dust Devil {Harm Will+
                  | Regen+ Dex+3 Stlth+}
126563 | Crypt:3  | Found the +8 demon blade "Leech" {evervamp, Harm Drain rN+}
126666 | Crypt:3  | Identified the ring of the Shining Light {Fly rElec rN+
                  | Will+ Int+2}
126666 | Crypt:3  | Identified the ring "Acyicoa" {rC- rN+ Will+++ Slay-6
                  | Stlth+}
126666 | Crypt:3  | Identified the ring of Socept {Fly rPois rC- rN+}
126859 | Crypt:3  | Reached skill level 10 in Shields
127302 | Crypt:3  | Found a staircase to the Tomb.
127415 | Crypt:3  | Got the Codex of Evil Contamination
127782 | Hell     | Entered the Vestibule of Hell
127782 | Hell     | Noticed Geryon
127919 | Hell     | Killed Geryon
128277 | Hell     | Lost mutation: Your spells are a little harder to cast, but
                  | a little more powerful. [a cacodemon]
128544 | Hell     | Reached skill level 10 in Fighting
129800 | Hell     | Found a gateway to the ashen valley of Gehenna.
130017 | Hell     | Found a gateway to the Iron City of Dis.
130433 | Hell     | Found a gateway to the freezing wastes of Cocytus.
130590 | Hell     | Found a gateway to the decaying netherworld of Tartarus.
130824 | Hell     | Upgraded the game from 0.30-a0-1053-gbd8d5ba0ad to
                  | 0.30-a0-1066-g63dfefce0d
131624 | Zig:1    | Entered Level 1 of a ziggurat
131654 | Zig:1    | Learned a level 8 spell: Ignition
131669 | Zig:1    | Learned a level 6 spell: Death Channel
131672 | Zig:2    | Entered Level 2 of a ziggurat
131702 | Zig:3    | Entered Level 3 of a ziggurat
131704 | Zig:3    | Reached skill level 1 in Necromancy
131727 | Zig:3    | Identified the staff of death "Idghoepsa" {rN+ Int+3}
131730 | Zig:3    | Identified the +0 chain mail "Vorot" {*Slow rN+ Slay+2}
131844 | Zig:4    | Entered Level 4 of a ziggurat
131850 | Zig:4    | Reached XP level 25. HP: 183/202 MP: 6/41
132029 | Zig:5    | Entered Level 5 of a ziggurat
132035 | Zig:5    | Noticed Yskask the pandemonium lord
132040 | Zig:5    | Killed Yskask the pandemonium lord
132044 | Zig:5    | Noticed a Killer Klown
132356 | Zig:5    | Got Isucou Rupre's Cyclopedia of the Band
132360 | Zig:5    | Got Jowoepod's Secrets of Mutagenic Conjuration
132406 | Zig:6    | Entered Level 6 of a ziggurat
132412 | Zig:6    | Reached skill level 5 in Necromancy
132510 | Zig:6    | Identified the staff of air "Rycweaz" {rElec Str+4 Dex+4}
132516 | Zig:6    | Identified the +1 robe of the Beginning {rF+ Str+3 Int+2
                  | Stlth+}
132531 | Zig:7    | Entered Level 7 of a ziggurat
132882 | Zig:8    | Entered Level 8 of a ziggurat
133096 | Zig:8    | Got Tiuweocs's Spellbook of Icy Geology
133103 | Zig:8    | Identified the +5 arbalest of the Sky {heavy, rF+ Int+3}
133128 | Zig:9    | Entered Level 9 of a ziggurat
133138 | Zig:9    | Found the necklace of Bloodlust {Fury *Rage Will++ Int-3
                  | Slay+6}
133225 | Zig:9    | Identified the ring "Topanaaq" {Ice Fly Dex+3}
133274 | Zig:10   | Entered Level 10 of a ziggurat
133437 | Zig:10   | Identified the ring "Omuent" {rPois rC+ Int+2 Slay-4 SInv}
133443 | Zig:10   | Identified the +10 hand axe "Veisuegi" {flame, rPois rF-
                  | rN+ Str+4}
133444 | Zig:10   | Identified the +13 plate armour of Xiwnalog {rPois Int+2
                  | Slay+3}
133463 | Zig:10   | Identified the +4 scimitar of Sharp Honour {flame, rElec
                  | rCorr}
133501 | Zig:11   | Entered Level 11 of a ziggurat
133513 | Zig:11   | Noticed a shard shrike
133515 | Zig:11   | Killed a shard shrike
133715 | Zig:11   | Identified the +2 helmet of the Desolation of Salt {Slay+2
                  | SInv}
133717 | Zig:11   | Identified the ring "Quruhipt" {rElec EV+5 Str+2}
133720 | Zig:11   | Reached XP level 26. HP: 210/210 MP: 41/41
133722 | Zig:11   | Identified the +8 mace "Spiderbane" {freeze, rC+ Str+3
                  | SInv}
133763 | Zig:12   | Entered Level 12 of a ziggurat
134017 | Zig:12   | Identified the +0 quarterstaff of Watchfulness {spect, rC+
                  | Dex+4 SInv}
134030 | Zig:12   | Got the Textbook on Transmigration and Lava
134031 | Zig:12   | Identified the staff of poison "Salus" {rPois rC+ Dex+4}
134034 | Zig:12   | Identified the amulet "Tiliopiy" {Faith rC- Regen+ Int+5
                  | Stlth+}
134069 | Zig:13   | Entered Level 13 of a ziggurat
134082 | Zig:13   | Noticed a dread lich
134084 | Zig:13   | Found the +2 shield of Resistance {rF++ rC++ Will++}
134084 | Zig:13   | Killed a dread lich
134251 | Zig:13   | Identified the staff of fire "Guibud" {rF+ MP+9}
134260 | Zig:13   | Identified the +7 short sword "Blob" {distort, rPois rCorr
                  | Dex+2}
134270 | Zig:13   | Identified the +2 scale mail "Doikkix" {rF+ Str+4}
134309 | Zig:14   | Entered Level 14 of a ziggurat
134321 | Zig:14   | Noticed a royal mummy
134325 | Zig:14   | Noticed a royal mummy
134331 | Zig:14   | Killed a royal mummy
134332 | Zig:14   | Reached skill level 10 in Fire Magic
134336 | Zig:14   | Killed a royal mummy
134611 | Zig:14   | Reached XP level 27. HP: 216/216 MP: 41/41
134617 | Zig:14   | Got the Anthology of Hypothermia and Relocation
134627 | Zig:14   | Identified the +6 mace "Leviticus" {speed, rElec Will+
                  | Dex-5}
134632 | Zig:14   | Identified the +8 whip of Descent {drain, *Noise rF++
                  | Str+5}
134634 | Zig:14   | Identified the +1 leather armour of Polytheism {rCorr Str+3
                  | SInv}
134737 | Zig:15   | Entered Level 15 of a ziggurat
134940 | Zig:15   | Identified the staff of earth "Kynuc" {Int+2}
134954 | Zig:15   | Identified the +7 trident of Integrity {flame, rC+ Dex+3}
134960 | Zig:15   | Identified the +1 scale mail of Space {Str+3 Int+5}
134992 | Zig:16   | Entered Level 16 of a ziggurat
135057 | Zig:16   | HP: 1/216 [spore (14)]
135505 | Zig:16   | Identified the +1 glaive "Gaehun" {heavy, +Blink rN+}
135507 | Zig:16   | Identified the ring of Ekyrphate {MP+9 Str+3 Int+3 Dex-5}
135508 | Zig:16   | Identified the +0 glaive of Foul Odours {vamp, Int+3}
135510 | Zig:16   | Identified the +8 mace "Bopt" {holy, SInv}
135512 | Zig:16   | Identified the +4 war axe "Haptalod" {pain, Will+}
135516 | Zig:16   | Identified the +0 dagger of Autumn {spect, Drain rPois
                  | rCorr Dex+5}
135517 | Zig:16   | Identified the ring of Iduab {rCorr Str+4}
135537 | Zig:17   | Entered Level 17 of a ziggurat
135547 | Zig:17   | Noticed an ancient lich
135550 | Zig:17   | Killed an ancient lich
135551 | Zig:17   | Reached skill level 15 in Fire Magic
135553 | Zig:17   | Noticed a dread lich
135555 | Zig:17   | Killed a dread lich
135555 | Zig:17   | Noticed a dread lich
135560 | Zig:17   | Killed a dread lich
135565 | Zig:17   | Found the +8 autumn katana {manifold assault}
135763 | Zig:18   | Entered Level 18 of a ziggurat
135775 | Zig:18   | Noticed Jieko the pandemonium lord
135778 | Zig:18   | Reached skill level 15 in Spellcasting
135779 | Zig:18   | Killed Jieko the pandemonium lord
136135 | Zig:18   | Found the crystal ball of Wucad Mu {*channel}
136137 | Zig:18   | Found the +3 crown of Dyrovepreva {rElec Int+2 SInv}
136256 | Zig:18   | Identified the staff of conjuration "Subaots" {SInv}
136259 | Zig:18   | Identified the ring of the Transmuting Fool {rN+ rCorr
                  | Int+3 Dex-2}
136260 | Zig:18   | Identified the scarf "Odiefew" {repulsion, rC+ Dex+3}
136263 | Zig:18   | Identified the +6 shortbow "Zevir" {elec, Str+4 Dex+4}
136294 | Zig:18   | Identified the ring "Zigilil" {Fly rF++ rN+ Dex-4}
136299 | Zig:18   | Got the Compendium of the Iceberg
136300 | Zig:18   | Identified the +8 scimitar of Context {flame, rC+}
136402 | Zig:19   | Entered Level 19 of a ziggurat
136434 | Zig:19   | Noticed Mousti the pandemonium lord
136434 | Zig:19   | HP: 3/216 [Mousti the pandemonium lord/great blast of fire
                  | (43)]
136445 | Zig:19   | Killed Mousti the pandemonium lord
136740 | Zig:19   | Identified the +0 plate armour of Bahen {rC++ Will-}
136743 | Zig:19   | Identified the +1 short sword of Prescription {holy, Int+3
                  | Dex+2}
136747 | Zig:19   | Identified the +8 spear "Kaclewk" {freeze, Dex+2}
136792 | Zig:19   | Identified the +7 long sword of Arrival {vamp, rC+}
136890 | Zig:20   | Entered Level 20 of a ziggurat
137084 | Zig:20   | Identified the +5 mace "Pulic" {freeze, rCorr Int-3 Dex+5}
137106 | Zig:20   | Identified the ring of the Impish Coconut {Ice rElec rPois
                  | rCorr Dex-3}
137169 | Zig:21   | Entered Level 21 of a ziggurat
137193 | Zig:21   | Noticed a dread lich
137193 | Zig:21   | Noticed an ancient lich
137200 | Zig:21   | Killed a dread lich
137201 | Zig:21   | Killed an ancient lich
137365 | Zig:21   | Identified the staff of death "Heol Exi" {rPois rC++ rN+
                  | Dex+4 Stlth-}
137369 | Zig:21   | Identified the +2 morningstar of Annihilation {freeze,
                  | rPois rC+ Str+2 Int+3}
137382 | Zig:21   | Identified the amulet of Reimbursement {Faith Drain rElec
                  | Stlth+}
137493 | Zig:22   | Entered Level 22 of a ziggurat
137517 | Zig:22   | Found the +5 demon whip "Spellbinder" {antimagic, disrupt,
                  | Will+}
137534 | Zig:22   | Reached skill level 27 in Conjurations
137726 | Zig:22   | Identified the staff of cold "Vuepsuak" {+Blink rC+ rN+
                  | Int-2}
137728 | Zig:22   | Identified the +1 scale mail "Atzupet" {Harm rElec rF-
                  | Regen+}
137820 | Zig:23   | Entered Level 23 of a ziggurat
137854 | Zig:23   | Noticed Wihaofrayg the pandemonium lord
137857 | Zig:23   | Killed Wihaofrayg the pandemonium lord
137895 | Zig:23   | Found the +9 sword of Zonguldrok {reap}
137906 | Zig:23   | Found the +10 tower shield of Ignorance {rN+ Int-4}
137926 | Zig:23   | Found the +5 Lochaber axe {reach-cleave, Poleaxe Drain}
138147 | Zig:23   | Identified the staff of fire "Abigass" {rElec rF+ Str+2}
138148 | Zig:23   | Identified the staff of air "Ruiro" {rElec rC++ Will-
                  | Int+6}
138149 | Zig:23   | Identified the staff of air "Uticowk" {rElec Str+3}
138177 | Zig:23   | Identified the staff of poison "Voso" {Contam rElec rPois
                  | rC- Str+6}
138187 | Zig:23   | Identified the +8 sling of Kindness {freeze, +Blink rF+}
138198 | Zig:24   | Entered Level 24 of a ziggurat
138322 | Zig:24   | Identified the staff of death "Pomunly" {*Corrode rN+ Str+2
                  | Dex+3}
138337 | Zig:24   | Identified the +5 short sword "Kunos" {pain, +Blink rPois
                  | rN+ Dex-5}
138344 | Zig:24   | Identified the amulet of Gararphu {RegenMP Fly}
138345 | Zig:24   | Identified the +0 cloak of the Thirsty Wonders {Regen+}
138448 | Zig:24   | Identified the +2 shortbow of Koteuk {elec, Str+2}
138453 | Zig:24   | Identified the +8 battleaxe "Lazxa" {venom, *Rage rElec
                  | rCorr Int+2}
138456 | Zig:24   | Identified the +1 short sword "Litekk" {drain, rC+ Will+}
138654 | Zig:25   | Entered Level 25 of a ziggurat
138683 | Zig:25   | Reached skill level 27 in Air Magic
138684 | Zig:25   | Noticed an ancient lich
138685 | Zig:25   | Noticed an ancient lich
138687 | Zig:25   | Noticed an ancient lich
138689 | Zig:25   | Killed an ancient lich
138690 | Zig:25   | Killed an ancient lich
138690 | Zig:25   | Killed an ancient lich
138871 | Zig:25   | Identified the +3 arbalest "Qedegod" {drain, Int+2 Stlth+}
138872 | Zig:25   | Identified the +8 rapier "Osyohume" {freeze, Int+4}
138874 | Zig:25   | Identified the +5 glaive of Hepliaklqana {freeze, Will+}
138880 | Zig:25   | Identified the staff of poison "Birisutz" {Fragile rPois
                  | rN+ Str+5 Stlth+}
138886 | Zig:25   | Identified the staff of fire "Uteiwast" {rF+ Int+5 Stlth+}
138897 | Zig:25   | Identified the staff of death "Doekaf" {rN+ Will+ Int+4}
139098 | Zig:26   | Entered Level 26 of a ziggurat
139149 | Zig:26   | Found the +8 Wrath of Trog {antimagic, *Rage Rampage}
139435 | Zig:26   | Identified the +0 ring mail of the Maze {rC- Str+6}
139442 | Zig:26   | Got the Incunabulum of the Tundra and Oxidation
139455 | Zig:26   | Acquired 923 gold pieces
139461 | Zig:26   | Identified the +6 mace of Quogeaja {venom, Str+2}
139663 | Zig:27   | Entered Level 27 of a ziggurat
139705 | Zig:27   | Noticed Fajeuj the pandemonium lord
139710 | Zig:27   | Killed Fajeuj the pandemonium lord
139817 | Zig:27   | Identified the ring "Zuyrghi" {Ice Int+2}
140019 | Zig:27   | Identified the amulet of Ecumac {Faith Int+4}
140036 | Zig:27   | Identified the ring of the Equinox {rN+ Will+ Int+2 Dex-4
                  | Slay+3}
140038 | Zig:27   | Got the Secrets of Production
140303 | Zot:1    | Entered Level 1 of the Realm of Zot
142086 | Zot:5    | Entered Level 5 of the Realm of Zot
143374 | Zot:5    | Noticed an orb of fire
143375 | Zot:5    | Noticed an orb of fire
143375 | Zot:5    | Noticed a dread lich
143376 | Zot:5    | Gained mutation: You sometimes lose your temper in combat.
                  | [an orb of fire]
143376 | Zot:5    | Noticed an orb of fire
143376 | Zot:5    | Noticed an orb of fire
143377 | Zot:5    | Noticed an orb of fire
143695 | Zot:5    | Killed an orb of fire
143695 | Zot:5    | Killed an orb of fire
143697 | Zot:5    | Gained mutation: You are clumsy. (Dex -2) [an orb of fire]
143697 | Zot:5    | Killed from afar by an orb of fire

Illustrated notes

Levels and vault maps discovered:
D:1:      ebering_hopf_link, layout_loops_cross, lemuel_flame_loot_1
D:2:      layout_basic, hellmonk_ecumenical_altar_leap_of_faith,
          minmay_fractal_squares_5, uniq_sigmund
D:3:      layout_basic, portal_sewer_entry_c
D:4:      black_bear_nest_2, layout_basic, gammafunk_temple_overflow_elements,
          minmay_temple_entry_from_below_a, uniq_menkaure, uniq_grinder,
          uniq_eustachio
D:5:      layout_basic, lemuel_coloured_pillars_altar, doesnt_xom_only_xom,
          nicolae_ru_great_annihilating_truth, nicolae_ossuary_entry_plus
D:6:      layout_loops_ring, chequers_serial_rivers_micro_c
D:7:      layout_basic, minmay_fractal_squares_gapless_5
D:8:      nzn_winding_woodlands_small [nzn_winding_woodlands_5x15_sidewinder,
          nzn_winding_woodlands_center_diamonds,
          nzn_winding_woodlands_5x15_lazy_stream], layout_gridville,
          amcnicky_altar_gilded, worms_lemuel
D:9:      layout_cave_pods, orc_0_dummy, uniq_grum, uniq_harold
D:10:     lemuel_troll_bridge, layout_irregular_city,
          due_lair_maze_entry_diamond
D:11:     layout_rooms, minmay_diced_spiral, uniq_erica, uniq_sonja
D:12:     layout_cave_pools, nicolae_dithmenos_through_a_glass_darkly
D:13:     layout_basic, nicolae_elyvilon_peaceful_grove
D:14:     layout_gridville, david_vaults_2,
          nicolae_concentric_dashed_squares_wild
D:15:     gammafunk_depths_entry_grave, layout_basic, grunt_decor_cap,
          amcnicky_mini_pool_small, uniq_agnes, uniq_jorgrun, uniq_azrael
Temple:   nicolae_temple_slightly_damp_pantheon
Lair:1:   layout_misc_corridors, grunt_megastairs_4, infiniplex_staircase_pool,
          lemuel_fruit_fields, lemuel_fruit_fields
Lair:2:   layout_cave_pods, swamp_mist, lemuel_fruit_tree
Lair:3:   layout_misc_corridors, nicolae_snake_entry_squirm, enter_volcano_2,
          st_stairs_8, serial_bayou_shore_a, uniq_nergalle
Lair:4:   layout_misc_corridors, chequers_serial_rivers_large_b,
          kennysheep_rathole, grunt_megastairs_2, infiniplex_staircase_pool_2
Lair:5:   hellmonk_lair_end_abyssal_woods, layout_long_grid,
          dpeg_slime_entry_enclosed, grunt_megastairs_1
Swamp:1:  layout_falls_marsh, evilmike_swamp_ruin_rubble_2
Swamp:2:  layout_falls_marsh, ebering_ghost_inner_flame, basic_altar,
          swamp_pool2, nzn_swamp_blast_mining
Swamp:3:  layout_basic_swamp, evilmike_swamp_ruin_wall, swamp_pool4, uniq_donald
Swamp:4:  byrel_swamp_growth_death_and_undeath, layout_basic_swamp
Snake:1:  layout_chambers, nicolae_integral_box, minmay_shop_grove
Snake:2:  layout_onion_interference, serial_shops, shop, st_stairs_2
Snake:3:  nicolae_snakescales, layout_onion, uniq_kirke
Snake:4:  grunt_snake_rune_serpentine_throne, layout_chambers,
          nicolae_specific_store
Orc:1:    layout_caves
Orc:2:    st_orc_rangers, layout_caves, uniq_saint_roka
Elf:1:    minmay_elf_arrival_summoners, layout_geoelf_octagon,
          hangedman_elf_disciples, st_stairs_6, nicolae_elf_deep_friendship,
          uniq_louise
Elf:2:    nicolae_elf_blades_crystal_corner, layout_onion_city
Elf:3:    elf_hall, layout_gridlike, basic_altar, minmay_shoptagon
Vaults:1: nicolae_vaults_what_the_h, vaults_dpeg_cross, v_misc_18, v_pattern_4,
          vaults_standard_mumra_enter_the_diamond, grunt_vaults_funnel,
          ontoclasm_vaults_ring_large, nicolae_vaults_twisting_passages,
          ontoclasm_vaults_ring_large, ontoclasm_vaults_gallery,
          nicolae_vaults_little_ls, vaults_room_hallway,
          nicolae_vaults_little_squares_6, layout_vaults_omnibox
Vaults:2: v_alt_pattern_6, nicolae_vaults_diagonal_hallway_9,
          nicolae_vaults_little_squares_2, ontoclasm_vaults_loading_screen,
          hangedman_vaults_impose, vaults_room_corners, vaults_room_hallway,
          vaults_room_door_ring, layout_vaults_omnigrid, serial_shops,
          shop_fountains, nicolae_square_shop, nicolae_shop_stone,
          nicolae_shop_temple_entry_statues_fountains
Vaults:3: v_alt_pattern_5, hangedman_vaults_pinch, ontoclasm_vaults_eye,
          minmay_crypt_entry_simple_plaza, hangedman_vaults_maws,
          vaults_room_stairs_pillars, nicolae_vaults_little_squares_6,
          nicolae_vaults_little_squares_5, nicolae_vaults_sealed_display,
          v_misc_30, layout_vaults_omnicross
Vaults:4: nicolae_vaults_alarming, vaults_room_large_hall,
          hangedman_vaults_stretched_pinwheel, v_misc_11,
          nicolae_vaults_circle_grid_a, ontoclasm_vaults_chip,
          nicolae_vaults_circle_grid_a, vaults_room_fours,
          layout_vaults_big_room, serial_shops, shop
Vaults:5
Crypt:1:  layout_basic
Crypt:2:  layout_rooms, uniq_margery, uniq_sojobo
Crypt:3:  due_elkab, layout_chaotic_city
Depths:1: minmay_the_grid_octo_triangle [minmay_the_grid_octo_teeth,
          minmay_the_grid_octo_prize_single_spiral,
          minmay_the_grid_octo_checkered], layout_small_grid,
          pf_hell_entry_tar_spiral, minmay_guarded_unrand_mage
Depths:2: minmay_two_paths, layout_gridville, hell_entry,
          rand_demon_pan_entry_8, kennysheep_random_hallway
Depths:3: minmay_octagon_keep, layout_long_grid, grunt_mini_vestibule,
          abyss_entry, infiniplex_staircase_squiggle, uniq_parghit
Depths:4: evilmike_zot_entry_basic, layout_gridville, enter_ziggurat_f,
          hell_entry, nicolae_abyss_entry_one_way_or_another, fedhas_altar_3,
          grunt_megastairs_5, uniq_josephina
Hell
Zot:1:    layout_gridlike, grunt_ministairs_13, st_stairs_2,
          hangedman_elemental_corridor
Zot:2:    layout_onion, gammafunk_ghost_berserking_beasts, st_stairs_4
Zot:3:    layout_gridville, grunt_ministairs_14
Zot:4:    layout_cellular_growth
Zot:5:    layout_cathedral_of_symmetry, grunt_ministairs_15

Skill      XL: |  1  2  3  4  5  6  7  8  9 10 11 12 13 14 15 16 17 18 19 20 21 22 23 24 25 26 27 |
---------------+----------------------------------------------------------------------------------+-----
Spellcasting   | 3 4 5 6 7 9 11 12 14 26 | 26.0
Dodging        | 3 4 5 8 9 10 13 16 17 20 21 | 21.2
Short Blades   | 2 3 6 |  6.8
Conjurations   | 7 10 12 13 15 17 19 20 21 23 24 27 | 27.0
Fighting       | 2 3 4 6 12 | 12.0
Stealth        | 4 5 8 |  8.6
Hexes          | 2 3 |  3.0
Evocations     | 3 4 5 7 |  7.2
Throwing       | 2 |  2.7
Fire Magic     | 1 5 11 16 | 16.9
Summonings     | 5 7 |  7.8
Air Magic      | 9 15 19 21 22 24 27 | 27.0
Shields        | 4 10 | 10.0
Necromancy     | 3 8 |  8.0

Action                     |  1- 3 |  4- 6 |  7- 9 | 10-12 | 13-15 | 16-18 | 19-21 | 22-24 | 25-27 || total
---------------------------+-------+-------+-------+-------+-------+-------+-------+-------+-------++-------
  Melee: Unarmed           |    29 |       |     2 |       |       |       |       |       |       ||    31
         Tailslap          |     2 |     3 |    34 |   118 |   129 |    31 |    16 |    11 |    14 ||   358
         Dagger            |       |    20 |   174 |     8 |       |       |       |       |       ||   202
         Punch             |       |     1 |     1 |    16 |     9 |     3 |     3 |     1 |       ||    34
         Rapier            |       |       |       |   429 |   314 |       |       |       |       ||   743
         Staff             |       |       |       |    57 |   289 |   215 |    69 |    54 |    67 ||   751
   Cast: Magic Dart        |    70 |    75 |    28 |    23 |    29 |       |       |       |       ||   225
         Searing Ray       |     2 |    17 |    57 |    38 |    34 |       |       |       |       ||   148
         Fulminant Prism   |       |     1 |     1 |    31 |   166 |     3 |       |       |       ||   202
         Dazzling Flash    |       |       |       |       |    48 |       |       |       |       ||    48
         Orb of Destructio |       |       |       |       |   120 |   260 |    71 |    44 |       ||   495
         Starburst         |       |       |       |       |    39 |   132 |    14 |     2 |       ||   187
         Spellforged Servi |       |       |       |       |       |    94 |   176 |    71 |     1 ||   342
         Conjure Ball Ligh |       |       |       |       |       |       |    61 |    92 |    12 ||   165
         Chain Lightning   |       |       |       |       |       |       |       |   286 |   340 ||   626
         Death Channel     |       |       |       |       |       |       |       |       |     9 ||     9
         Ignition          |       |       |       |       |       |       |       |       |    12 ||    12
 Invoke: Renounce Religion |     1 |       |       |       |       |       |       |       |       ||     1
         Call Merchant     |       |       |       |     2 |     1 |     3 |     3 |     4 |       ||    13
         Potion Petition   |       |       |       |       |       |       |       |       |    28 ||    28
Ability: Breathe Noxious F |       |       |     8 |    28 |    17 |     3 |     1 |       |       ||    57
  Evoke: Wand              |       |       |     7 |     3 |    15 |    11 |     5 |     1 |    11 ||    53
         Condenser vane    |       |       |       |     1 |     3 |     3 |     4 |       |     1 ||    12
         Horn of Geryon    |       |       |       |       |       |       |       |       |     1 ||     1
         Box of beasts     |       |       |       |       |       |       |       |       |     1 ||     1
         Phantom mirror    |       |       |       |       |       |       |       |       |     1 ||     1
    Use: Potion            |       |     1 |     2 |     3 |     5 |     3 |     6 |     6 |    35 ||    61
         Scroll            |       |     6 |     9 |    12 |     9 |     5 |     8 |     9 |    10 ||    68
   Stab: Confused          |       |       |     6 |    22 |    10 |     1 |       |       |       ||    39
         Distracted        |       |       |       |     4 |     2 |     2 |     2 |     2 |     2 ||    14
         Sleeping          |       |       |       |     3 |       |     1 |       |       |       ||     4
         Invisible         |       |       |       |       |    16 |       |       |       |       ||    16
 Armour: Skin              |    15 |    11 |    90 |   201 |   196 |   145 |    62 |    35 |    32 ||   787
  Dodge: Dodged            |    23 |    24 |   229 |   531 |  1172 |   867 |   529 |   277 |   235 ||  3887
         Repelled          |       |       |       |       |    11 |    38 |    14 |    13 |    15 ||    91
  Block: Other             |       |       |       |       |       |       |    77 |    28 |       ||   105
         Reflection        |       |       |       |       |       |       |    27 |     7 |       ||    34
         Buckler           |       |       |       |       |       |       |       |    17 |    16 ||    33

Table legend: (Time is in decaauts)
 A = Elapsed time spent in this place.
 B = Non-inter-level travel time spent in this place.
 C = Inter-level travel time spent in this place.
 D = Time resting spent in this place.
 E = Time spent auto-exploring this place.
 F = Levels seen in this place.
 G = Mean time per level.
                   A        B        C        D        E       F      G
               +--------+--------+--------+--------+--------+-----+--------+
         Total | 144379 | 138937 |   5442 |  67382 |  46912 |  82 | 1760.7 |
       Dungeon |  32045 |  30554 |   1491 |  17227 |   8409 |  15 | 2136.3 |
        Temple |    219 |    169 |     50 |      0 |    148 |   1 |  219.0 |
          Lair |  14628 |  13797 |    831 |   5302 |   5092 |   5 | 2925.6 |
         Swamp |   9087 |   8887 |    200 |   4496 |   3151 |   4 | 2271.8 |
     Snake Pit |  17749 |  17244 |    505 |   9671 |   4998 |   4 | 4437.2 |
  Orcish Mines |   2132 |   1992 |    140 |    782 |    866 |   2 | 1066.0 |
   Elven Halls |  10226 |   9957 |    269 |   1950 |   5676 |   3 | 3408.7 |
        Vaults |  20020 |  18981 |   1039 |   9234 |   6600 |   5 | 4004.0 |
         Crypt |   7807 |   7662 |    145 |   3822 |   2902 |   3 | 2602.3 |
        Depths |  13384 |  12638 |    746 |   6027 |   4719 |   4 | 3346.0 |
          Hell |   1834 |   1830 |      4 |    716 |    834 |   1 | 1834.0 |
           Zot |   3414 |   3396 |     18 |   2307 |    556 |   5 |  682.8 |
      Ziggurat |   8468 |   8468 |      0 |   3297 |   2923 |  27 |  313.6 |
         Sewer |    763 |    763 |      0 |    490 |     36 |   1 |  763.0 |
       Ossuary |   2105 |   2105 |      0 |   1898 |      0 |   1 | 2105.0 |
       Volcano |    491 |    491 |      0 |    163 |      0 |   1 |  491.0 |
               +--------+--------+--------+--------+--------+-----+--------+

Top non-repeatable levels by time:
     D:4: 8157 daAuts
Vaults:4: 6998 daAuts
  Lair:5: 6209 daAuts
 Snake:4: 5351 daAuts
 Snake:3: 4779 daAuts
 Snake:1: 4284 daAuts
   Elf:3: 4080 daAuts
Depths:1: 3943 daAuts
 Crypt:3: 3890 daAuts
Depths:4: 3546 daAuts
Vaults:3: 3407 daAuts
Vaults:1: 3340 daAuts
 Snake:2: 3334 daAuts
Vaults:2: 3276 daAuts
Depths:2: 3235 daAuts
